 Dungeon Crawl Stone Soup version 0.29-a0-321-gf1c400731a (webtiles) character file.

Game seed: 17268103594843840378

433 sammy202020 the Skirmisher (level 7, 0/78 HPs)
             Began as an Ogre Monk on Apr 4, 2022.
             Slain by an iguana (11 damage)
             ... on level 3 of the Dungeon.
             The game lasted 00:05:27 (4778 turns).

sammy202020 the Skirmisher (Ogre Monk)              Turns: 4778, Time: 00:05:28

Health: 0/78       AC:  4    Str: 18    XL:     7   Next: 0%
Magic:  7/7        EV: 10    Int: 11    God:
Gold:   77         SH:  0    Dex: 11    Spells: 6/6 levels left

rFire   . . .      SeeInvis .   k - +2 whip (elec)
rCold   . . .      Faith    .   (no shield)
rNeg    . . .      Spirit   .   b - +1 robe
rPois   .          Reflect  .   (helmet restricted)
rElec   .          Harm     .   (no cloak)
rCorr   .          Rampage  .   (gloves unavailable)
Will    .....                   (boots unavailable)
Stlth   ++........              (no amulet)
HPRegen 0.23/turn               (no ring)
MPRegen 0.10/turn               (no ring)

@: no status effects
A: large, unfitting armour, tough skin 1
a: no special abilities


You were on level 3 of the Dungeon.
You visited 1 branch of the dungeon, and saw 4 of its levels.

You collected 77 gold pieces.

Inventory:

Hand Weapons
 a - a +0 mace
 k - a +2 whip of electrocution (weapon)
 u - the +3 dagger "Vetsirch" {speed, Drain rPois Int+9}
   (You found it on level 3 of the Dungeon)

   Attacks with this weapon are significantly faster.
   Int:       It affects your intelligence (+9).
   rPois:     It protects you from poison.
   Drain:     It drains your maximum health when unequipped.
Missiles
 j - 4 boomerangs (quivered)
 l - 4 poisoned darts
Armour
 b - a +1 robe (worn)
Jewellery
 r - a ring of magical power
Wands
 s - a wand of iceblast (7)
Scrolls
 g - a scroll of blinking
 i - a scroll of immolation {unknown}
 m - a scroll of enchant weapon
 p - a scroll of noise
Potions
 c - a potion of ambrosia
 e - 2 potions of might
 f - 3 potions of haste
 h - 2 potions of degeneration {unknown}
 n - a potion of heal wounds {unknown}
 o - a potion of cancellation {unknown}


   Skills:
 * Level 7.0 Fighting
 * Level 4.8 Maces & Flails
 + Level 3.9 Dodging
 - Level 1.4 Stealth


You had 6 spell levels left.
You didn't know any spells.
Your spell library contained the following spells:

 Spells                   Type           Power      Damage    Failure   Level
 Pain                     Necr           0%         1d4       34%         1
 Inner Flame              Hex/Fire       0%         N/A       71%         3
 Cause Fear               Hex            0%         N/A       98%         4
 Agony                    Necr           0%         N/A       100%        5
 Excruciating Wounds      Necr           0%         N/A       100%        5
 Discord                  Hex            0%         N/A       100%        8


Dungeon Overview and Level Annotations

Branches:
Dungeon (4/15)
 Temple: D:4-7

Altars:
Gozag
Sif Muna

Shops:
D:2 ==?[*


Innate Abilities, Weirdness & Mutations

You are too large for most types of armour.
You have tough skin. (AC +1)


Message History

The scorpion stings you but does no damage.
The iguana barely misses you.
You feel very sick. The scorpion stings you.
* * * LOW HITPOINT WARNING * * *
The orc priest looks satisfied for a moment.
The iguana closely misses you.
You climb upwards.
You feel very sick.
There is a stone staircase leading down here.
You feel better.
The scorpion stings you but does no damage.
The iguana bites you but does no damage.
You barely miss the scorpion. Your punch misses the scorpion.
The scorpion misses you. The iguana bites you.
* * * LOW HITPOINT WARNING * * *
You hit the scorpion.
The scorpion is lightly wounded.
The scorpion closely misses you.
You barely miss the scorpion.
The scorpion is lightly wounded.
The iguana bites you.
* * * LOW HITPOINT WARNING * * *
The scorpion closely misses you.
You hit the scorpion but do no damage.
The scorpion is lightly wounded.
The scorpion stings you but does no damage.
The iguana bites you.
* * * LOW HITPOINT WARNING * * *
You hit the scorpion but do no damage.
Lightning courses through the scorpion!!
You kill the scorpion!
The iguana bites you.
* * * LOW HITPOINT WARNING * * *
Your Fighting skill increases to level 7!
You have reached level 7!
You hit the iguana but do no damage.
The iguana is heavily wounded.
The iguana bites you!
You die...

#.##.###..#.##..# #..
#.##............####..
#[##............>.....
#))..###...###########
###..# #....# ##.o{#
#..###....# .##≈≈≈#
#..#......##..##...#
###..#.###......##...#
#....@)# #......###'##
#.#.##l###.####.#.8.8.
#.#.##..<..#### #.._..
#.#.###...#...####...#
#.#.....#...#.##.##.##
#.#.###...#...##..#.#.
#.#...........##..#...
#.######.###..#.......
#.# #...#.........###.


You could see an iguana.

Vanquished Creatures
  Duvessa (D:4)
  A scorpion (D:3)
  Dowan (D:4)
  A howler monkey (D:4)
  An orc priest (D:3)
  Jessica (D:2)
  An orc wizard (D:3)
  3 adders
  A white imp (D:3)
  A worm (D:3)
  8 orcs (D:3)
  2 bats
  3 endoplasms
  4 giant cockroaches
  7 goblins
  3 hobgoblins
  3 jackals (D:3)
  3 quokkas
  3 ball pythons
  5 frilled lizards
  4 kobolds
  7 rats
64 creatures vanquished.

Vanquished Creatures (others)
  2 withered plants (D:2)
2 creatures vanquished.

Grand Total: 66 creatures vanquished

Notes
Turn   | Place    | Note
-------+----------+-------------------------------------------
     0 | D:1      | sammy202020 the Ogre Monk began the quest for the Orb.
     0 | D:1      | Reached XP level 1. HP: 24/24 MP: 1/1
   548 | D:1      | Reached XP level 2. HP: 32/32 MP: 2/2
  1583 | D:2      | Found Zowk's Antique Armour Emporium.
  1605 | D:2      | Reached XP level 3. HP: 40/40 MP: 3/3
  1715 | D:2      | Found a faded altar of an unknown god.
  1769 | D:2      | Noticed Jessica
  1780 | D:2      | Killed Jessica
  1781 | D:2      | Reached skill level 5 in Fighting
  2116 | D:2      | Found Piluhu's Jewellery Emporium.
  2134 | D:2      | Reached XP level 4. HP: 47/50 MP: 4/4
  2170 | D:2      | Found Mat Hulu's Magic Scroll Shop.
  2256 | D:2      | Found Buceipen's General Store.
  2552 | D:2      | Found Fuceuhus's Jewellery Boutique.
  2813 | D:3      | Found an opulent altar of Gozag.
  3328 | D:3      | Reached XP level 5. HP: 28/58 MP: 5/5
  3610 | D:3      | Identified the +3 dagger "Vetsirch" {speed, Drain rPois
                  | Int+9}
  3909 | D:3      | Found a shimmering blue altar of Sif Muna.
  4183 | D:4      | Noticed Dowan
  4184 | D:4      | Noticed Duvessa
  4198 | D:4      | Killed Duvessa
  4199 | D:4      | Reached skill level 6 in Fighting
  4199 | D:4      | Reached XP level 6. HP: 68/68 MP: 6/6
  4212 | D:4      | Killed Dowan
  4778 | D:3      | Reached skill level 7 in Fighting
  4778 | D:3      | Reached XP level 7. HP: 11/78 MP: 7/7
  4778 | D:3      | Slain by an iguana

Illustrated notes

Levels and vault maps discovered:
D:1:      lemuel_arrival_cross, layout_loops_ring, minmay_misc_feat_x,
          minmay_misc_feat_rugged
D:2:      layout_loops_cross, serial_shops, nicolae_shop_stone,
          nicolae_shop_hallway_stairs, nicolae_shop_trees, shop_statue, shop,
          ebering_ecumenical_altar_petrified, uniq_jessica
D:3:      layout_loops_ring, nzn_wu_jian_council_hall, led_sif_book,
          mainiacjoe_overflow_cross_hatched
D:4:      layout_basic, ebering_ghost_sewer_d, serial_shops,
          nicolae_take_the_stairs, uniq_blork_the_orc, uniq_pikel, uniq_duvessa,
          uniq_crazy_yiuf_cottage

Skill      XL: |  1  2  3  4  5  6 |
---------------+-------------------+-----
Maces & Flails | 3 4 |  4.8
Fighting       | 5 6 7 |  7.0
Dodging        | 3 |  3.9
Stealth        | |  1.4

Action                   |  1- 3 |  4- 6 |  7- 9 || total
-------------------------+-------+-------+-------++-------
Melee: Mace              |    54 |       |       ||    54
       Whip              |    49 |   104 |     1 ||   154
       Punch             |       |     2 |       ||     2
Throw: Boomerang         |       |     6 |       ||     6
  Use: Potion            |       |     2 |       ||     2
       Scroll            |       |     8 |       ||     8
 Stab: Sleeping          |     3 |     3 |       ||     6
       Distracted        |       |     1 |       ||     1
Armor: Robe              |    33 |    22 |       ||    55
Dodge: Dodged            |    58 |    43 |       ||   101

Table legend: (Time is in decaauts)
 A = Elapsed time spent in this place.
 B = Non-inter-level travel time spent in this place.
 C = Inter-level travel time spent in this place.
 D = Time resting spent in this place.
 E = Time spent auto-exploring this place.
 F = Levels seen in this place.
 G = Mean time per level.
                   A        B        C        D        E       F      G
               +--------+--------+--------+--------+--------+-----+--------+
         Total |   4764 |   4594 |    170 |   1492 |   2532 |   4 | 1191.0 |
       Dungeon |   4764 |   4594 |    170 |   1492 |   2532 |   4 | 1191.0 |
               +--------+--------+--------+--------+--------+-----+--------+

Top non-repeatable levels by time:
     D:3: 1713 daAuts
     D:1: 1520 daAuts
     D:2: 1186 daAuts
     D:4: 343 daAuts
